 Dungeon Crawl Stone Soup version 0.31-a0-214-gb37851dbb3 (webtiles) character file.

Game seed: 6917282571981030037

431 qw the Shooter (level 6, 0/52 HPs)
             Began as a Minotaur Hexslinger on July 1, 2023.
             Slain by a gnoll sergeant
             ... wielding a +1 spear of venom
              (7 damage)
             ... on level 5 of the Dungeon.
             The game lasted 00:01:10 (3232 turns).

qw the Shooter (Minotaur Hexslinger)                Turns: 3232, Time: 00:01:11

Health: 0/52       AC:  9    Str: 12    XL:     6   Next: 67%
Magic:  6/6        EV: 12    Int: 10    God:
Gold:   109        SH:  0    Dex: 15    Spells: 6/7 levels left

rFire   . . .        Y - +0 shortbow
rCold   . . .        (shield currently unavailable)
rNeg    . . .        k - +3 leather armour {Will+}
rPois   .            (helmet restricted)
rElec   .            (no cloak)
rCorr   +            b - +1 pair of gloves
SInv    +            e - +0 pair of boots
Will    +....        (no amulet)
Stlth   +            g - ring of see invisible
HPRegen 0.28/turn    j - ring of resist corrosion
MPRegen 0.10/turn

%: no passive effects
@: lethally poisoned (0 -> -11)
A: horns 2, retaliatory headbutt
a: no special abilities


You were on level 5 of the Dungeon.
You visited 1 branch of the dungeon, and saw 5 of its levels.

You collected 224 gold pieces.
You spent 115 gold pieces at shops.


Innate Abilities, Weirdness & Mutations

You have a pair of horns on your head.
You reflexively headbutt those who attack you in melee.


   Skills:
 - Level 4.0 Fighting
 + Level 6.9 Ranged Weapons
 - Level 1.3 Armour
 - Level 2.1 Dodging
 - Level 1.0 Spellcasting
 - Level 2.0 Hexes


You had 6 spell levels left.
You knew the following spells:

 Your Spells              Type           Power      Damage    Failure   Level
a - Slow                  Hex            16%        N/A       19%         1

Your spell library contained the following spells:

 Spells                   Type           Power      Damage    Failure   Level
 Inner Flame              Hex/Fire       2%         N/A       65%         3
 Portal Projectile        Hex/Tloc       4%         N/A       65%         3
 Cause Fear               Hex            2%         N/A       88%         4

Inventory:

Hand Weapons
 Y - a +0 shortbow (weapon)
Armour
 b - a +1 pair of gloves (worn)
 e - a +0 pair of boots (worn)
 k - a +3 leather armour of willpower (worn)
Jewellery
 g - a ring of see invisible (left hand)
 j - a ring of resist corrosion (right hand)
Scrolls
 i - 2 scrolls of identify
Potions
 d - a potion of haste
 h - a potion of mutation
 l - 2 potions of curing

Dungeon Overview and Level Annotations

Branches:
Dungeon (5/15)
 Temple: D:4-7

Altars:
Wu Jian
The Shining One

Shops:
D:3 [   D:4 (


Message History

The orc wizard is lightly wounded.
The orc wizard hits you but does no damage.
The gnoll sergeant hits you from afar with a +1 spear of venom!
You are poisoned.
You shoot an arrow. The arrow barely misses the orc wizard.
The arrow hits the gnoll sergeant.
The gnoll sergeant is lightly wounded.
You feel very sick. The orc wizard barely misses you. You furiously retaliate!
You headbutt the orc wizard!
The gnoll sergeant hits you but does no damage.
You are more poisoned.
You shoot an arrow. The arrow hits the orc wizard.
You kill the orc wizard!
You feel very sick.
The gnoll sergeant hits you from afar with a +1 spear of venom!
You are more poisoned.
You shoot an arrow.
The arrow hits the gnoll sergeant but does no damage.
You feel very sick.
The gnoll sergeant hits you but does no damage.
You shoot an arrow. The arrow hits the gnoll sergeant.
The gnoll sergeant is moderately wounded.
You feel very sick.
The gnoll sergeant hits you from afar with a +1 spear of venom.
You are lethally poisoned!
You shoot an arrow.
The arrow closely misses the gnoll sergeant.
You feel extremely sick. The gnoll sergeant closely misses you.
You shoot an arrow.
The arrow hits the gnoll sergeant but does no damage.
The gnoll sergeant is moderately wounded.
You feel very sick.
The gnoll sergeant completely misses you.
You shoot an arrow. The arrow hits the gnoll sergeant.
The gnoll sergeant is moderately wounded.
You feel very sick.
The gnoll sergeant hits you from afar with a +1 spear of venom!
You die...

###.....#
###...##
##...#
#...#
#...##
##...#
#...####
##..#..#
#...@.#
#####).#
#g# o..
#.. ###


You could see a gnoll sergeant and an orc.

Vanquished Creatures
  Sigmund (D:4)
  A scorpion (D:4)
  An orc priest (D:5)
  An orc wizard (D:5)
  A gnoll (D:4)
  6 adders
  A worm (D:3)
  3 dart slugs
  6 orcs
  5 endoplasms
  2 giant cockroaches (D:4)
  11 goblins
  10 hobgoblins
  2 jackals (D:2)
  6 kobolds
  4 quokkas
  4 ball pythons
  6 bats
  4 frilled lizards
  5 rats
80 creatures vanquished.

Notes
Turn   | Place    | Note
-------+----------+-------------------------------------------
     0 | D:1      | qw the Minotaur Hexslinger began the quest for the Orb.
     0 | D:1      | Reached XP level 1. HP: 16/16 MP: 1/1
     0 | D:1      | 0 ||| qw: Version: 0.3-a-32-g5962c71
     0 | D:1      | 0 ||| qw: Game counter: 7595
     0 | D:1      | 0 ||| qw: Melee chars always use a shield: true
     0 | D:1      | 0 ||| qw: God list: Okawaru
     0 | D:1      | 0 ||| qw: Allow faded altars: false
     0 | D:1      | 0 ||| qw: Do Orc after clearing Dungeon:15 true
     0 | D:1      | 0 ||| qw: Do second Lair branch before Depths: true
     0 | D:1      | 0 ||| qw: Lair rune preference: random
     0 | D:1      | 0 ||| qw: Goals: Normal
     0 | D:1      | 0 ||| PLANNING D:1-11
   235 | D:1      | 235 ||| FLEEEEING.
   254 | D:1      | Reached skill level 3 in Ranged Weapons
   254 | D:1      | Reached XP level 2. HP: 22/23 MP: 2/2
   426 | D:1      | 426 ||| FLEEEEING.
   428 | D:1      | 428 ||| FLEEEEING.
   430 | D:1      | 430 ||| FLEEEEING.
   752 | D:1      | 752 ||| UPGRADING to +0 pair of boots.
   757 | D:1      | 757 ||| UPGRADING to ring of see invisible.
   758 | D:1      | 758 ||| UPGRADING to ring of resist corrosion.
   759 | D:1      | 759 ||| READING scroll labelled ELUEREROCO.
   760 | D:1      | 760 ||| READING scroll labelled REASKO PEKOIH.
   761 | D:1      | 761 ||| READING 4 scrolls labelled OPHOAVE ARITUM.
   762 | D:1      | 762 ||| READING scroll labelled QUQUTE SENUCZE.
   763 | D:1      | 763 ||| READING 3 scrolls of identify.
   763 | D:1      | 763 ||| IDENTIFYING bubbling black potion
   764 | D:1      | 764 ||| DROPPING scroll of poison.
   971 | D:2      | Reached XP level 3. HP: 28/29 MP: 3/3
  1091 | D:2      | Reached skill level 4 in Ranged Weapons
  1551 | D:2      | 1551 ||| UPGRADING to +0 ring mail.
  1561 | D:2      | 1561 ||| UPGRADING to +1 pair of gloves.
  1566 | D:2      | 1566 ||| DROPPING +0 robe.
  1567 | D:2      | 1567 ||| READING scroll labelled PORUSU ORHEM.
  1568 | D:2      | 1568 ||| READING 2 scrolls of identify.
  1568 | D:2      | 1568 ||| IDENTIFYING sapphire potion
  1660 | D:3      | Found an ornate altar of the Wu Jian Council.
  1730 | D:3      | Reached skill level 1 in Armour
  1740 | D:3      | Reached XP level 4. HP: 36/36 MP: 4/4
  1745 | D:3      | Found Raic's Antique Armour Shop.
  1761 | D:3      | 1761 ||| BUYING dyed leather armour (85 gold).
  1761 | D:3      | Bought a dyed leather armour for 85 gold pieces
  1761 | D:3      | 1761 ||| SHOPLISTING pair of embroidered gloves (127 gold,
                  | have 30).
  1761 | D:3      | 1761 ||| SHOPLISTING scorched leather armour (119 gold,
                  | have 30).
  2049 | D:3      | Reached skill level 5 in Ranged Weapons
  2269 | D:3      | Found a glowing golden altar of the Shining One.
  2417 | D:3      | 2417 ||| UPGRADING to +3 leather armour of willpower.
  2427 | D:3      | 2427 ||| DROPPING +0 ring mail.
  2428 | D:3      | 2428 ||| READING 2 scrolls of identify.
  2428 | D:3      | 2428 ||| IDENTIFYING fuming yellow potion
  2429 | D:3      | 2429 ||| DROPPING potion of magic.
  2494 | D:4      | Found Plog's Weapon Shoppe.
  2499 | D:4      | 2499 ||| BUYING +0 shortbow (30 gold).
  2499 | D:4      | Bought a +0 shortbow for 30 gold pieces
  2499 | D:4      | 2499 ||| SHOPLISTING +1 shortbow of electrocution (145
                  | gold, have 55).
  2499 | D:4      | 2499 ||| SWAPPING to +0 shortbow.
  2500 | D:4      | 2500 ||| DROPPING +1 heavy sling.
  2827 | D:4      | Reached XP level 5. HP: 42/42 MP: 5/5
  2955 | D:4      | 2955 ||| Stepping ~*~*~tactically~*~*~ (outnumbered).
  2964 | D:4      | Noticed Sigmund
  2965 | D:4      | 2965 ||| Stepping ~*~*~tactically~*~*~ (outnumbered).
  2991 | D:4      | Reached skill level 3 in Fighting
  3022 | D:4      | Killed Sigmund
  3023 | D:4      | Reached skill level 6 in Ranged Weapons
  3023 | D:4      | Reached XP level 6. HP: 45/51 MP: 4/6
  3133 | D:4      | 3133 ||| READING scroll labelled WUNIAR FYAD.
  3138 | D:4      | 3138 ||| READING scroll labelled QESYIT SIZUE.
  3178 | D:5      | Entered Level 5 of the Dungeon
  3230 | D:5      | HP: 13/52 [poisoned by a gnoll sergeant]
  3232 | D:5      | Slain by a gnoll sergeant

Levels and vault maps discovered:
D:1:      giann_wishing_wells, layout_basic, serial_curves, eino_curves_03,
          eino_curves_03, eino_curves_04, eino_curves_02, minmay_tromino_v4_c
D:2:      layout_basic
D:3:      layout_basic, mainiacjoe_overflow_24_doors,
          nicolae_tso_carved_into_rock, serial_shops, shop, minmay_statues_item,
          st_stairs_2, nicolae_eternal_life
D:4:      layout_gridville, serial_shops, nicolae_shop_rolling_square,
          st_stairs_11, corexii_checkpoint_a, sigmund_army
D:5:      layout_basic, lemuel_tele_altar, serial_curves, eino_curves_04,
          eino_curves_04, minmay_hedge_maze, minmay_gold_behind_fungi,
          nicolae_grassy_gnolls, uniq_sigmund, uniq_grinder

Skill      XL: |  1  2  3  4  5  6 |
---------------+-------------------+-----
Ranged Weapons | 3 4 5 6 |  6.9
Fighting       | 2 3 4 |  4.0
Armour         | 1 |  1.3
Dodging        | |  2.1
Spellcasting   | |  1.0
Hexes          | |  2.0

Action                     |  1- 3 |  4- 6 || total
---------------------------+-------+-------++-------
   Fire: Sling             |    82 |    56 ||   138
         Shortbow          |       |    94 ||    94
    Use: Scroll            |     7 |     3 ||    10
 Armour: Robe              |     8 |       ||     8
         Ring mail         |     6 |    19 ||    25
         Leather armour    |       |    18 ||    18
  Dodge: Dodged            |    21 |    52 ||    73

Table legend:
 A = Non-vault XP
 B = Vault XP
 C = Vault XP percentage of total XP
 D = Non-vault monster count
 E = Vault monster count
 F = Vault count percentage of total count
                 A         B        C        D         E       F
            +---------+---------+-------+---------+---------+-------
      Total |     259 |     358 |  58.0 |      67 |      13 |  16.2
            +---------+---------+-------+---------+---------+-------
        D:1 |      29 |       1 |   3.3 |      15 |       1 |   6.2
        D:2 |      45 |       0 |   0.0 |      18 |       0 |   0.0
        D:3 |      79 |      16 |  16.8 |      24 |       2 |   7.7
        D:4 |      24 |     341 |  93.4 |       6 |      10 |  62.5
        D:5 |      82 |       0 |   0.0 |       4 |       0 |   0.0
            +---------+---------+-------+---------+---------+-------
